[Event "Titled Tuesday Blitz August 15 Early 2023"]
[White "Nihal Sarin"]
[Black "Firouzja, Alireza"]
[WhiteFideId "25092340"]
[BlackFideId "12573981"]
[WhiteElo "3145"]
[BlackElo "3109"]
[Result "1-0"]
[Round "8"]
[TimeControl "180+1"]
[Date "2023.08.15"]
[WhiteClock "0:00:10"]
[BlackClock "0:00:00"]
[Board "2"]

1. e4 c5 2. Nf3 d6 3. Bb5+ Nd7 4. a4 Nf6 5. Nc3 e6 6. O-O a6 7. Be2 b6 8. d4 cxd4 9. Qxd4 Bb7 10. Rd1 Be7 11. Nd2 Ne5 12. Nc4 Nxc4 13. Bxc4 O-O 14. h3 Rc8 15. Be3 Nd7 16. Be2 Qc7 17. Qd2 Nc5 18. Bf3 Rfd8 19. Bd4 Nd7 20. Rac1 h6 21. Be2 Bg5 22. Be3 Bxe3 23. Qxe3 Qc5 24. Qd4 Ne5 25. f4 Nc6 26. Qxc5 dxc5 27. e5 Nb4 28. Kf2 Rd4 29. g3 Rcd8 30. Ke1 g5 31. Rxd4 Rxd4 32. Nd1 gxf4 33. c3 Nd3+ 34. Bxd3 Rxd3 35. gxf4 Rf3 36. Nf2 Rxf4 37. Rd1 Bd5 38. b3 Bxb3 39. Rd6 Bxa4 40. Rxb6 Bb5 41. Rb7 Rf5 42. Rc7 Rxe5+ 43. Kd1 Kg7 44. Ng4 Rh5 45. Kd2 Rxh3 46. Rxc5 Rg3 47. Ne3 f5 48. c4 Be8 49. Rc8 f4 50. Rxe8 Rxe3 51. c5 Kf7 52. Rh8 Re5 53. c6 Kg7 54. c7 Rd5+ 55. Ke2 Kxh8 56. c8=Q+ Kg7 57. Qxe6 Rg5 58. Kf3 a5 59. Kxf4 Kh7 60. Qf7+ Kh8 61. Qa7 Kg8 62. Qe7 Kh8 63. Qf7 Rg7 64. Qf8+ Kh7 65. Qf5+ Kh8 66. Qc8+ Kh7 67. Qc2+ Kh8 68. Kf5 1-0


[Site "https://www.chess.com"]

[Event "Titled Tuesday Blitz August 15 Early 2023"]
[White "Shimanov, Aleksandr"]
[Black "Aronian, Levon"]
[WhiteFideId "4198603"]
[BlackFideId "13300474"]
[WhiteElo "3028"]
[BlackElo "3055"]
[Result "1/2-1/2"]
[Round "8"]
[TimeControl "180+1"]
[Date "2023.08.15"]
[WhiteClock "0:00:06"]
[BlackClock "0:00:05"]
[Board "3"]

1. d4 Nf6 2. Nf3 g6 3. Nbd2 Bg7 4. e4 d6 5. c3 O-O 6. Bd3 Nc6 7. O-O e5 8. Re1 h6 9. h3 Nh5 10. dxe5 dxe5 11. Nc4 a5 12. a4 Qe7 13. Qc2 Rd8 14. b3 Nf4 15. Bf1 Qf6 16. Nh2 h5 17. Ne3 Be6 18. Ba3 Bf8 19. Bxf8 Kxf8 20. Rad1 Kg7 21. Kh1 h4 22. Bc4 Bxc4 23. Nxc4 Rxd1 24. Rxd1 Rd8 25. Ne3 Rxd1+ 26. Qxd1 Ne6 27. Nhg4 Qe7 28. Nd5 Qd6 29. Qf3 Nf4 30. Nxe5 Qxe5 31. Nxf4 Nd8 32. Qe3 Ne6 33. Nd5 c6 34. Nb6 Qc5 35. e5 Qxe3 36. fxe3 Nc5 37. b4 axb4 38. cxb4 Nd3 39. e6 fxe6 40. b5 cxb5 41. axb5 Kf6 42. Nc4 Nc5 43. Kg1 e5 44. Kf2 e4 45. Ke2 Ke6 46. Kd2 Nd7 47. Kc3 Kd5 48. Na5 Nc5 49. Nc4 Nd7 50. Na5 b6 51. Nb3 Nf6 52. Nd2 g5 53. Nc4 Kc5 54. Ne5 Nd5+ 55. Kd2 Kxb5 56. Nf7 Kc4 57. Nxg5 Nf6 58. Nf7 b5 59. Nd6+ Kc5 60. Nf5 b4 61. Kc2 Nd5 62. Kb3 Kb5 63. Nd6+ Kc6 64. Nxe4 Nxe3 65. Kxb4 Nxg2 66. Ng5 Nf4 67. Nf3 Nxh3 68. Nxh4 1/2-1/2


[Site "https://www.chess.com"]

[Event "Titled Tuesday Blitz August 15 Early 2023"]
[White "Korobov, Anton"]
[Black "Drygalov, Andrey"]
[WhiteFideId "14105730"]
[BlackFideId "24171735"]
[WhiteElo "3023"]
[BlackElo "2938"]
[Result "1-0"]
[Round "8"]
[TimeControl "180+1"]
[Date "2023.08.15"]
[WhiteClock "0:01:26"]
[BlackClock "0:00:14"]
[Board "4"]

1. d4 d5 2. c4 c6 3. cxd5 cxd5 4. Nc3 Nf6 5. Bg5 Nc6 6. Bxf6 gxf6 7. e3 e6 8. Bd3 f5 9. f4 Bg7 10. Nf3 O-O 11. Rc1 Bd7 12. h3 Rc8 13. g4 Ne7 14. Qe2 Ng6 15. gxf5 exf5 16. Kd2 Re8 17. Qf2 Be6 18. h4 h6 19. Rhg1 Kh8 20. Kc2 Qf6 21. Kb1 a6 22. Na4 Rxc1+ 23. Rxc1 Rf8 24. Rc7 Qd8 25. Rxb7 Qa5 26. Nc5 Rc8 27. h5 Nf8 28. Qd2 Rxc5 29. dxc5 Qxc5 30. Nd4 Bxd4 31. exd4 Qd6 32. Qb4 1-0


[Site "https://www.chess.com"]

[Event "Titled Tuesday Blitz August 15 Early 2023"]
[White "Bluebaum, Matthias"]
[Black "Kovalenko, Igor"]
[WhiteFideId "24651516"]
[BlackFideId "14117908"]
[WhiteElo "3016"]
[BlackElo "2940"]
[Result "1/2-1/2"]
[Round "8"]
[TimeControl "180+1"]
[Date "2023.08.15"]
[WhiteClock "0:00:23"]
[BlackClock "0:01:12"]
[Board "5"]

1. d4 Nf6 2. c4 e6 3. Nc3 Bb4 4. e3 c5 5. Ne2 d6 6. dxc5 dxc5 7. Qxd8+ Kxd8 8. b3 Nc6 9. Bb2 Ke7 10. f3 Rd8 11. Rd1 Bd7 12. Kf2 Be8 13. Ke1 a6 14. Nf4 Bxc3+ 15. Bxc3 Nb4 16. Bxb4 cxb4 17. Be2 a5 18. Rxd8 Rxd8 19. Nd3 Bc6 20. e4 Nd7 21. Kf2 b6 22. Ke3 e5 23. Rc1 Kd6 24. Rd1 Kc7 25. Rc1 f6 26. c5 b5 27. Ra1 Nf8 28. a3 bxa3 29. Rxa3 Ra8 30. b4 axb4 31. Rxa8 Bxa8 32. Nxb4 Bc6 33. Nd5+ Kb7 34. Nb4 Ne6 35. Nd3 g5 36. g3 h6 37. f4 gxf4+ 38. gxf4 exf4+ 39. Nxf4 Nxc5 40. Nh5 Nd7 41. Bg4 Kb6 42. Bxd7 Bxd7 43. Nxf6 Be6 44. Kd4 b4 45. e5 b3 46. Kc3 Kc5 47. Nh5 Kd5 48. Nf4+ Kxe5 49. Nxe6 Kxe6 50. Kxb3 Kf5 51. Kc3 Kg4 52. Kd2 Kh3 53. Ke2 Kxh2 54. Kf2 h5 55. Kf1 h4 56. Kf2 h3 57. Kf1 Kh1 58. Kf2 h2 59. Kf1 1/2-1/2


[Site "https://www.chess.com"]

[Event "Titled Tuesday Blitz August 15 Early 2023"]
[White "Donchenko, Alexander"]
[Black "Le, Tuan Minh"]
[WhiteFideId "24603295"]
[BlackFideId "12401153"]
[WhiteElo "2912"]
[BlackElo "2996"]
[Result "1/2-1/2"]
[Round "8"]
[TimeControl "180+1"]
[Date "2023.08.15"]
[WhiteClock "0:00:03"]
[BlackClock "0:00:06"]
[Board "6"]

1. c4 c6 2. Nf3 d5 3. e3 Nf6 4. Nc3 a6 5. b3 Bg4 6. h3 Bh5 7. d4 e6 8. Bd3 Nbd7 9. O-O Bd6 10. Bb2 O-O 11. Be2 a5 12. Rc1 Qe7 13. Ba1 Rfd8 14. Qc2 Bg6 15. Bd3 Bxd3 16. Qxd3 e5 17. dxe5 Nxe5 18. Nxe5 Bxe5 19. Rfd1 h6 20. Qe2 dxc4 21. Qxc4 Rxd1+ 22. Rxd1 Rd8 23. Qe2 b5 24. Bb2 Rd7 25. Qc2 Qd8 26. Rxd7 Qxd7 27. Kf1 c5 28. Nd1 Bxb2 29. Nxb2 Qd5 30. Qd3 Qe5 31. Qd8+ Kh7 32. Qd3+ g6 33. Qc2 Ne4 34. Nd3 Qf5 35. Kg1 Nd6 36. Qc3 c4 37. bxc4 Nxc4 38. Nf4 Qb1+ 39. Kh2 Qxa2 40. Qf6 Nd2 41. Nxg6 fxg6 42. Qe7+ Kg8 43. Qe8+ Kg7 44. Qe5+ Kf7 45. Qc7+ Ke6 46. Qc8+ Kd6 47. Qf8+ Kd7 48. Qg7+ Kc6 49. Qf6+ Kd7 50. Qg7+ Kd6 51. Qf8+ Kc6 52. Qc8+ Kd6 53. Qf8+ 1/2-1/2


[Site "https://www.chess.com"]

[Event "Titled Tuesday Blitz August 15 Early 2023"]
[White "Matlakov, Maxim"]
[Black "Durarbayli, Vasif"]
[WhiteFideId "4168003"]
[BlackFideId "13402935"]
[WhiteElo "2979"]
[BlackElo "2884"]
[Result "1-0"]
[Round "8"]
[TimeControl "180+1"]
[Date "2023.08.15"]
[WhiteClock "0:00:53"]
[BlackClock "0:00:15"]
[Board "7"]

1. d4 d5 2. Nf3 Nf6 3. Bg5 Nbd7 4. Nbd2 h6 5. Bh4 e6 6. e3 c5 7. c3 Bd6 8. Bd3 b6 9. Qe2 Bb7 10. Bb5 O-O 11. Bxd7 Qxd7 12. Bxf6 gxf6 13. O-O Kh7 14. Rad1 cxd4 15. exd4 Rg8 16. Rfe1 a5 17. Qd3+ Kh8 18. Nf1 Ba6 19. Qe3 Kh7 20. Ng3 Rg4 21. Nh5 Qe7 22. h3 Rgg8 23. Kh1 Rae8 24. b3 Rg6 25. Nf4 Rg7 26. Nh5 Rg6 27. a4 Reg8 28. Rg1 Qc7 29. Nh4 Bf4 30. Nxf4 Rg5 31. Nf3 Rf5 32. g3 Qd7 33. Kh2 Bc8 34. g4 e5 35. dxe5 1-0


[Site "https://www.chess.com"]

[Event "Titled Tuesday Blitz August 15 Early 2023"]
[White "Materia, Marco"]
[Black "Hakobyan, Aram"]
[WhiteFideId "45150451"]
[BlackFideId "13306677"]
[WhiteElo "2808"]
[BlackElo "2962"]
[Result "1/2-1/2"]
[Round "8"]
[TimeControl "180+1"]
[Date "2023.08.15"]
[WhiteClock "0:00:10"]
[BlackClock "0:00:04"]
[Board "8"]

1. d4 Nf6 2. c4 e6 3. Nf3 d5 4. Nc3 Nbd7 5. Bf4 dxc4 6. e3 c5 7. Bxc4 a6 8. a4 Nb6 9. Be2 cxd4 10. Nxd4 Nbd5 11. Bg3 Bb4 12. O-O Nxc3 13. bxc3 Bxc3 14. Rc1 Bxd4 15. exd4 O-O 16. Bf3 Nd5 17. Qb3 b5 18. axb5 axb5 19. Rc5 Bb7 20. Rb1 b4 21. Bxd5 Bxd5 22. Qxb4 h5 23. h4 Qf6 24. Re1 Qg6 25. Qb1 Qg4 26. Qd1 Qg6 27. Re5 f5 28. Rc7 Kh7 29. Qf1 Ra4 30. Bf4 Rxd4 31. Bg5 Rf7 32. Rxf7 Qxf7 33. Re1 Qb7 34. Qe2 Rg4 35. g3 Bh1 36. Qf1 Bd5 37. Kh2 Ra4 38. Qe2 Qf7 39. Rc1 Ra2 40. Rc2 Rxc2 41. Qxc2 Bf3 42. Qc3 Qb7 43. Qe1 Qd5 44. Bf4 Be4 45. Qe2 Kg6 46. Qe1 e5 47. Be3 Kh7 48. Bg5 Bf3 49. Be3 Qe4 50. Qc1 Be2 51. Qd2 Bd3 52. Qd1 Bc4 53. Qxh5+ Kg8 54. Qe8+ Kh7 55. Qh5+ Kg8 56. Qg6 Qf3 57. h5 Bd5 58. Qe8+ Kh7 59. Qg6+ Kh8 60. Qe8+ Kh7 61. Qg6+ Kg8 62. Qe8+ Kh7 1/2-1/2


[Site "https://www.chess.com"]

[Event "Titled Tuesday Blitz August 15 Early 2023"]
[White "Lagarde, Maxime"]
[Black "Naroditsky, Daniel"]
[WhiteFideId "662399"]
[BlackFideId "2026961"]
[WhiteElo "2877"]
[BlackElo "3183"]
[Result "1/2-1/2"]
[Round "8"]
[TimeControl "180+1"]
[Date "2023.08.15"]
[WhiteClock "0:00:04"]
[BlackClock "0:00:08"]
[Board "9"]

1. d4 Nf6 2. Bg5 Ne4 3. h4 d5 4. Nd2 Nf6 5. Ngf3 c5 6. e3 Nc6 7. c3 Bf5 8. Qb3 Qc8 9. dxc5 e5 10. Bb5 Qc7 11. Ba4 Bxc5 12. Bxf6 gxf6 13. Qxd5 Be7 14. Nd4 Bd7 15. Nb5 Qb8 16. Ne4 Be6 17. Qd1 O-O 18. Qh5 Kg7 19. Bc2 Rh8 20. O-O-O f5 21. Ng5 a6 22. Bxf5 axb5 23. Bxe6 fxe6 24. Qf7+ Kh6 25. Qxe6+ Kg7 26. Qf7+ Kh6 27. Qe6+ Kg7 28. Qf7+ Kh6 29. Qe6+ 1/2-1/2


[Site "https://www.chess.com"]

[Event "Titled Tuesday Blitz August 15 Early 2023"]
[White "Chigaev, Maksim"]
[Black "Vachier-Lagrave, Maxime"]
[WhiteFideId "4108116"]
[BlackFideId "623539"]
[WhiteElo "2948"]
[BlackElo "3127"]
[Result "0-1"]
[Round "8"]
[TimeControl "180+1"]
[Date "2023.08.15"]
[WhiteClock "0:00:00"]
[BlackClock "0:00:42"]
[Board "10"]

1. e4 e5 2. Nf3 Nc6 3. Bc4 Bc5 4. d3 Nf6 5. c3 O-O 6. Bg5 h6 7. Bh4 Be7 8. Nbd2 d6 9. a4 Nh5 10. g3 Kh8 11. Qe2 f5 12. Bxe7 Qxe7 13. Nh4 Nf4 14. Qf1 fxe4 15. dxe4 Qf6 16. Nf5 d5 17. exd5 Bxf5 18. gxf4 exf4 19. O-O-O Ne5 20. f3 a6 21. a5 b5 22. axb6 Qxb6 23. Qg1 Qa5 24. Nb3 Qa4 25. Qd4 Nxc4 26. Rhg1 Rf7 27. Rde1 Qxb3 0-1


[Site "https://www.chess.com"]

[Event "Titled Tuesday Blitz August 15 Early 2023"]
[White "Demidov, Mikhail"]
[Black "Sarana, Alexey"]
[WhiteFideId "4197143"]
[BlackFideId "24133795"]
[WhiteElo "2936"]
[BlackElo "3082"]
[Result "1-0"]
[Round "8"]
[TimeControl "180+1"]
[Date "2023.08.15"]
[WhiteClock "0:00:21"]
[BlackClock "0:00:39"]
[Board "11"]

1. d4 e6 2. e4 b6 3. Bd3 Bb7 4. Nf3 c5 5. c3 Nf6 6. Qe2 Be7 7. O-O d6 8. Bf4 Nbd7 9. h3 h6 10. Bh2 Rc8 11. Nbd2 Qc7 12. Rfe1 Qb8 13. e5 dxe5 14. dxe5 Nd5 15. Ne4 O-O 16. Rad1 Rfd8 17. a3 Nf8 18. Nd6 Bxd6 19. exd6 Qa8 20. Ne5 Nf6 21. f3 Rxd6 22. Bh7+ Kxh7 23. Rxd6 Kg8 24. Red1 c4 25. R6d4 b5 26. Ng4 Nd5 27. Ne3 Ng6 28. Nxd5 Bxd5 29. h4 Qc6 30. h5 Ne7 31. Qe5 f6 32. Qe2 Nf5 33. R4d2 Qb6+ 34. Kh1 Qe3 35. Qxe3 Nxe3 36. Re1 Nf5 37. Kg1 Kf7 38. Kf2 Ne7 39. Ra1 Nc6 40. Rad1 Rd8 41. g4 Na5 42. Bc7 1-0


[Site "https://www.chess.com"]

[Event "Titled Tuesday Blitz August 15 Early 2023"]
[White "Terry, Renato"]
[Black "Lazavik, Denis"]
[WhiteFideId "3803457"]
[BlackFideId "13515110"]
[WhiteElo "2935"]
[BlackElo "3047"]
[Result "1/2-1/2"]
[Round "8"]
[TimeControl "180+1"]
[Date "2023.08.15"]
[WhiteClock "0:00:05"]
[BlackClock "0:00:12"]
[Board "12"]

1. Nf3 d5 2. b3 c6 3. Bb2 Bg4 4. h3 Bh5 5. d3 Nd7 6. g4 Bg6 7. Nh4 e5 8. Nxg6 hxg6 9. Bg2 Bd6 10. Nd2 Ne7 11. e3 g5 12. c4 Nc5 13. Qc2 Ne6 14. a3 a5 15. Nf3 Ng6 16. Kf1 Qe7 17. Qc3 Bc7 18. Qc2 Rd8 19. Rc1 Kf8 20. c5 d4 21. b4 axb4 22. axb4 Qf6 23. Re1 dxe3 24. fxe3 Nh4 25. Kf2 Nxg2 26. Kxg2 Rd5 27. Rd1 Qg6 28. Qc4 Ke7 29. Qe4 Qxe4 30. dxe4 Rxd1 31. Rxd1 f6 32. Ra1 Bb8 33. Nd2 Rd8 34. Nc4 Kd7 35. Kf3 Nf8 36. Ke2 Ng6 37. Bc3 Rh8 38. Rd1+ Kc7 39. Nb6 Rd8 40. Na8+ Kc8 41. Nb6+ Kc7 42. Ra1 Nf8 43. Rh1 Nd7 44. Nc4 Rh8 45. Kf3 Kc8 46. Kg2 Bc7 47. Ra1 Kb8 48. Rd1 Nf8 49. Rd2 Kc8 50. Ra2 Kb8 51. Rd2 Kc8 52. Ra2 Kb8 53. Rd2 1/2-1/2


[Site "https://www.chess.com"]

[Event "Titled Tuesday Blitz August 15 Early 2023"]
[White "Kamsky, Gata"]
[Black "Duda, Jan-Krzysztof"]
[WhiteFideId "2000024"]
[BlackFideId "1170546"]
[WhiteElo "2929"]
[BlackElo "3036"]
[Result "1/2-1/2"]
[Round "8"]
[TimeControl "180+1"]
[Date "2023.08.15"]
[WhiteClock "0:00:08"]
[BlackClock "0:00:11"]
[Board "13"]

1. d4 Nf6 2. Bf4 c5 3. e3 Qb6 4. Na3 d6 5. Nc4 Qc7 6. c3 g6 7. h3 b6 8. Nf3 Bb7 9. a4 Nbd7 10. Bh2 Bg7 11. Bd3 O-O 12. O-O a6 13. Ncd2 e5 14. dxe5 Nxe5 15. Be2 Rad8 16. Qc2 Nxf3+ 17. Bxf3 Rfe8 18. Rfd1 Bxf3 19. Nxf3 Qc6 20. Qe2 c4 21. Rd4 b5 22. axb5 axb5 23. Rdd1 Ne4 24. Nd4 Qb6 25. Ra2 Nc5 26. Qf3 Nd3 27. Bg3 b4 28. cxb4 Bxd4 29. exd4 Nxb4 30. Ra3 Nc2 31. Ra2 Nxd4 32. Qf6 Ne2+ 33. Kh2 Re6 34. Qf3 Nxg3 35. fxg3 Re3 36. Qf2 Qb3 37. Ra3 Qxd1 38. Rxe3 d5 39. Re7 Rf8 40. Qf6 d4 41. Re4 d3 42. Rxc4 Qe2 43. Rd4 Qxb2 44. Qd6 Re8 45. Rxd3 Re2 46. Qd8+ Kg7 47. Qd4+ Qxd4 48. Rxd4 h5 49. g4 h4 50. g5 Re5 51. Rxh4 Rxg5 52. Rf4 Ra5 53. h4 Ra6 54. Kh3 Ra7 55. g3 Ra6 56. Re4 Ra7 57. Rd4 Ra6 58. Rc4 Ra7 59. Rd4 Ra6 60. Rc4 Ra7 61. Rd4 1/2-1/2


[Site "https://www.chess.com"]

[Event "Titled Tuesday Blitz August 15 Early 2023"]
[White "Martinez Alcantara, Jose Eduardo"]
[Black "Kazakouski, Valery"]
[WhiteFideId "3805662"]
[BlackFideId "13507443"]
[WhiteElo "3004"]
[BlackElo "2927"]
[Result "1-0"]
[Round "8"]
[TimeControl "180+1"]
[Date "2023.08.15"]
[WhiteClock "0:01:04"]
[BlackClock "0:00:07"]
[Board "14"]

1. e4 c5 2. Nf3 a6 3. c3 d5 4. exd5 Qxd5 5. d4 Bg4 6. Be2 Nf6 7. Be3 cxd4 8. cxd4 e6 9. Nc3 Qd6 10. Qb3 Qb4 11. h3 Bh5 12. g4 Bg6 13. Ne5 Be4 14. O-O Bd5 15. Nxd5 Nxd5 16. Bf3 Qxb3 17. axb3 Nd7 18. Bxd5 exd5 19. Nd3 Bd6 20. Bf4 Bxf4 21. Nxf4 Nb6 22. Ra5 O-O-O 23. Rc5+ Kb8 24. Rfc1 Rd7 25. f3 Re8 26. Kf2 Red8 27. Nh5 Rg8 28. h4 Rd6 29. Nf4 Rgd8 30. R1c2 Nc8 31. Re2 R6d7 32. b4 b6 33. Rc3 Na7 34. Nh5 Nb5 35. Rd3 Rg8 36. g5 Kb7 37. Kg3 Nd6 38. Kg4 h6 39. Nf4 hxg5 40. hxg5 Nb5 41. Re5 Rgd8 42. Rd1 f6 43. Ree1 fxg5 44. Ne6 Rc8 45. Kxg5 Rc2 46. b3 Rc3 47. f4 Rxb3 48. Rb1 Rg3+ 49. Kh4 Rg2 50. Kh3 Rg6 51. Rbc1 Nd6 52. Nf8 Rh6+ 53. Kg4 Rf7 54. Ne6 Ne4 55. Nd8+ 1-0


[Site "https://www.chess.com"]

[Event "Titled Tuesday Blitz August 15 Early 2023"]
[White "Zhigalko, Sergei"]
[Black "Paravyan, David"]
[WhiteFideId "13502956"]
[BlackFideId "4194985"]
[WhiteElo "2925"]
[BlackElo "3002"]
[Result "1-0"]
[Round "8"]
[TimeControl "180+1"]
[Date "2023.08.15"]
[WhiteClock "0:00:06"]
[BlackClock "0:01:32"]
[Board "15"]

1. e4 e5 2. Bc4 Nf6 3. d3 Bc5 4. Nf3 d6 5. O-O O-O 6. Nbd2 c6 7. Bb3 a5 8. c3 Be6 9. d4 exd4 10. cxd4 Bb6 11. Re1 Re8 12. Bc2 h6 13. h3 Nbd7 14. Nf1 d5 15. e5 Ne4 16. Ng3 Nxg3 17. fxg3 c5 18. Qd3 Nf8 19. Be3 Rc8 20. Rad1 Qc7 21. Bb1 a4 22. Kh2 Ba5 23. Rf1 c4 24. Qc2 b5 25. Nh4 c3 26. b3 axb3 27. axb3 b4 28. Bxh6 gxh6 29. Rf6 Qd7 30. Rdf1 Bd8 31. Qc1 Bxf6 32. exf6 Nh7 33. Qxh6 Nxf6 34. Qg5+ Kf8 35. Qxf6 Bf5 36. Bxf5 Rc6 37. Ng6+ Kg8 38. Qh8# 1-0


[Site "https://www.chess.com"]

[Event "Titled Tuesday Blitz August 15 Early 2023"]
[White "Galchenko, Matvey"]
[Black "Andreikin, Dmitry"]
[WhiteFideId "24175480"]
[BlackFideId "4158814"]
[WhiteElo "2903"]
[BlackElo "2998"]
[Result "0-1"]
[Round "8"]
[TimeControl "180+1"]
[Date "2023.08.15"]
[WhiteClock "0:00:02"]
[BlackClock "0:00:26"]
[Board "16"]

1. f4 b6 2. Nf3 Bb7 3. g3 Bxf3 4. exf3 e6 5. d4 Ne7 6. Bd3 g6 7. O-O Bg7 8. c3 c5 9. dxc5 bxc5 10. Be3 d6 11. Bb5+ Nbc6 12. Qa4 Qc7 13. Na3 O-O 14. Rad1 Rfb8 15. Rd2 a6 16. Be2 Na5 17. Rfd1 d5 18. b4 Nb7 19. Rc2 c4 20. Rb1 a5 21. bxa5 Rxa5 22. Qb4 Nc6 23. Bb6 Qc8 24. Qb2 Ra6 25. Qc1 Bf8 26. Nxc4 dxc4 27. Bxc4 Rxb6 28. Rxb6 Bc5+ 0-1


[Site "https://www.chess.com"]

[Event "Titled Tuesday Blitz August 15 Early 2023"]
[White "Di Nicolantonio, Lucas"]
[Black "Makarian, Rudik"]
[WhiteFideId "680460"]
[BlackFideId "44105681"]
[WhiteElo "2619"]
[BlackElo "2972"]
[Result "0-1"]
[Round "8"]
[TimeControl "180+1"]
[Date "2023.08.15"]
[WhiteClock "0:00:00"]
[BlackClock "0:00:29"]
[Board "17"]

1. Nf3 Nf6 2. c4 e6 3. Nc3 d6 4. d4 g6 5. e4 Bg7 6. Be2 O-O 7. O-O Nbd7 8. Re1 e5 9. dxe5 Nxe5 10. Nxe5 dxe5 11. c5 Be6 12. Be3 Qc8 13. Qc2 Rd8 14. Red1 c6 15. f3 Qc7 16. b4 a6 17. Na4 Rxd1+ 18. Rxd1 Rd8 19. a3 h5 20. Nb6 Rxd1+ 21. Qxd1 Nd7 22. Nc4 Bxc4 23. Bxc4 Bf6 24. g3 Kg7 25. Kg2 Nf8 26. Qd2 Qe7 27. Bh6+ Kg8 28. Bxf8 Kxf8 29. h4 Kg7 30. a4 a5 31. Bb3 axb4 32. Qxb4 Qd7 33. a5 g5 34. hxg5 Bxg5 35. Qc3 Bf6 36. Bc4 Qd1 37. Qd3 Qc1 38. Bb3 Qxc5 39. Qd7 Qe7 40. Qf5 Qb4 0-1


[Site "https://www.chess.com"]

[Event "Titled Tuesday Blitz August 15 Early 2023"]
[White "So, Wesley"]
[Black "Lysyj, Igor"]
[WhiteFideId "5202213"]
[BlackFideId "4150120"]
[WhiteElo "3118"]
[BlackElo "2878"]
[Result "1-0"]
[Round "8"]
[TimeControl "180+1"]
[Date "2023.08.15"]
[WhiteClock "0:00:17"]
[BlackClock "0:00:01"]
[Board "18"]

1. b3 Nf6 2. Bb2 e6 3. e3 Be7 4. g4 h6 5. Nf3 b6 6. Rg1 Bb7 7. h4 d5 8. g5 hxg5 9. hxg5 Ne4 10. Bxg7 Rg8 11. Bb2 Nd7 12. g6 Bf6 13. gxf7+ Kxf7 14. Rxg8 Qxg8 15. Bxf6 Ndxf6 16. d3 Nd6 17. Nbd2 Qg7 18. Qe2 Nfe4 19. d4 Ke7 20. Nxe4 Nxe4 21. Nd2 Rf8 22. Nxe4 dxe4 23. Qh5 Qg1 24. Qh4+ Kd7 25. a4 a5 26. c4 Kc8 27. Ra2 Kb8 28. Qh6 Qg8 29. Rb2 Bc8 30. b4 axb4 31. Rxb4 Rf5 32. Rb5 Qg1 33. Rxf5 exf5 34. Qf8 Kb7 35. c5 bxc5 36. Qxc5 Bd7 37. Qd5+ Bc6 38. Qc4 Qg6 39. Qa6+ Kb8 40. a5 Qd6 41. Qc4 Bd7 42. Qc5 Qe6 43. Bc4 Qd6 44. Qxd6 1-0


[Site "https://www.chess.com"]

[Event "Titled Tuesday Blitz August 15 Early 2023"]
[White "Dubov, Daniil"]
[Black "Shcherbin, Matvei"]
[WhiteFideId "24126055"]
[BlackFideId "24125164"]
[WhiteElo "3058"]
[BlackElo "2744"]
[Result "1-0"]
[Round "8"]
[TimeControl "180+1"]
[Date "2023.08.15"]
[WhiteClock "0:00:07"]
[BlackClock "0:00:05"]
[Board "19"]

1. e4 c5 2. b4 cxb4 3. a3 d5 4. exd5 Qxd5 5. Nf3 e5 6. c4 bxc3 7. Nxc3 Qe6 8. Bb5+ Bd7 9. O-O Bd6 10. d4 Ne7 11. dxe5 Bc7 12. Bd3 h6 13. Ne4 O-O 14. Re1 Ng6 15. Nc5 Qe7 16. e6 Bc6 17. Qc2 Nf4 18. Bxf4 Bxf4 19. exf7+ Qxf7 20. Bc4 Bd5 21. Bxd5 Qxd5 22. Rad1 Qf7 23. Ne6 Nc6 24. Nxf8 Rxf8 25. Qe4 Bc7 26. Rd5 Bb6 27. h3 Kh8 28. Qd3 Qf6 29. Rd7 Qb2 30. Rf1 Ne5 31. Nxe5 Qxe5 32. Qd2 Qe4 33. Rd3 Qe7 34. Qd1 Qc5 35. Rf3 Rd8 36. Qe2 Qd6 37. Qe4 Qd7 38. h4 Bc5 39. a4 b6 40. h5 a5 41. Re1 Qd4 42. Qxd4 Rxd4 43. Ra1 Rd5 44. g4 Rg5 45. Rf4 Rd5 46. Kg2 Rd3 47. Re1 Kh7 48. Re8 Rd7 49. Rc8 Rd2 50. Kg3 Rd3+ 51. Rf3 Bd6+ 52. Kg2 Rd4 53. Kh3 Bc5 54. Ra8 Rxa4 55. Rd3 Ra3 56. Rxa3 Bxa3 57. f4 Bc5 58. g5 hxg5 59. fxg5 Be3 60. Kg4 g6 61. Ra7+ Kg8 62. h6 Bd4 63. Rd7 Bc3 64. Rd6 a4 65. Rxg6+ Kh7 66. Rxb6 a3 67. Ra6 Bb2 68. Kh5 Kg8 69. g6 Kf8 70. Ra8+ Ke7 71. g7 a2 72. Rxa2 1-0


[Site "https://www.chess.com"]

[Event "Titled Tuesday Blitz August 15 Early 2023"]
[White "Grischuk, Alexander"]
[Black "Wong, Yinn Long"]
[WhiteFideId "4126025"]
[BlackFideId "5707684"]
[WhiteElo "3036"]
[BlackElo "2730"]
[Result "1-0"]
[Round "8"]
[TimeControl "180+1"]
[Date "2023.08.15"]
[WhiteClock "0:00:23"]
[BlackClock "0:00:00"]
[Board "20"]

1. d4 Nf6 2. Nf3 e6 3. c4 Bb4+ 4. Nbd2 O-O 5. a3 Be7 6. e4 d6 7. Be2 Nfd7 8. Nb1 e5 9. Nc3 exd4 10. Nxd4 Nc6 11. Be3 Bf6 12. O-O Re8 13. Rc1 Nxd4 14. Bxd4 Bxd4 15. Qxd4 Qf6 16. Qxf6 Nxf6 17. f3 Bd7 18. Rfd1 Rac8 19. b4 Kf8 20. Kf2 Re7 21. Rd2 Bc6 22. a4 b6 23. a5 bxa5 24. b5 Bb7 25. Ra1 a6 26. bxa6 Bxa6 27. Rxa5 Bb7 28. c5 dxc5 29. Rxc5 g6 30. Rb2 Ba8 31. g4 h5 32. g5 Nd7 33. Ra5 Bc6 34. h3 Nb6 35. Rc5 Be8 36. Ra2 Nd7 37. Rca5 Nb6 38. h4 Kg7 39. Rd2 Bc6 40. Rc5 Be8 41. Ra2 Bd7 42. f4 Be8 43. f5 Kf8 44. f6 Re6 45. Ra7 Rc6 46. Rxc6 Bxc6 47. Ba6 Ra8 48. Rxc7 Be8 49. Bb5 Bxb5 50. Nxb5 Re8 51. Nd6 1-0


[Site "https://www.chess.com"]

[Event "Titled Tuesday Blitz August 15 Early 2023"]
[White "Akobian, Varuzhan"]
[Black "Indjic, Aleksandar"]
[WhiteFideId "13300580"]
[BlackFideId "911925"]
[WhiteElo "2726"]
[BlackElo "3014"]
[Result "1/2-1/2"]
[Round "8"]
[TimeControl "180+1"]
[Date "2023.08.15"]
[WhiteClock "0:00:06"]
[BlackClock "0:00:01"]
[Board "21"]

1. d4 Nf6 2. c4 c5 3. d5 e6 4. Nc3 exd5 5. cxd5 d6 6. Nf3 g6 7. Bf4 Bg7 8. e3 O-O 9. h3 Ne8 10. Bd3 Nd7 11. O-O Ne5 12. Nxe5 Bxe5 13. Bxe5 dxe5 14. e4 Qe7 15. Qd2 Nd6 16. Nb5 Bd7 17. Nxd6 Qxd6 18. a4 f5 19. f3 a6 20. a5 c4 21. Bc2 b5 22. axb6 Qxb6+ 23. Qf2 Qxb2 24. Rab1 Qd4 25. Rb7 Bb5 26. Rd1 Qxf2+ 27. Kxf2 Rab8 28. Rxb8 Rxb8 29. exf5 gxf5 30. Bxf5 Ba4 31. Rc1 Bb3 32. Be6+ Kf8 33. d6 Rb4 34. Ke3 a5 35. Bf5 a4 36. Bxh7 a3 37. Bf5 Rb6 38. d7 Ke7 39. g4 a2 40. Ra1 c3 41. h4 Bc4 42. f4 exf4+ 43. Kxf4 Rb2 44. h5 c2 45. Re1+ Be2 46. Rxe2+ Kf7 47. d8=Q c1=Q+ 48. Re3 Rb4+ 49. Kf3 Qf1+ 50. Kg3 Qg1+ 51. Kh4 Qf2+ 52. Rg3 Qxf5 53. Qc7+ Kg8 54. Qd8+ Kf7 55. Qg5 Qe4 56. Ra3 Qh1+ 57. Kg3 Qg1+ 58. Kh3 Qf1+ 59. Kg3 Qe1+ 60. Kh3 Qh1+ 61. Kg3 Qg1+ 62. Kh3 Qf1+ 63. Kg3 Qe1+ 64. Kh3 Qh1+ 65. Kg3 1/2-1/2


[Site "https://www.chess.com"]

[Event "Titled Tuesday Blitz August 15 Early 2023"]
[White "GaiozNigalidze"]
[Black "Deac, Bogdan-Daniel"]
[BlackFideId "1226380"]
[WhiteElo "2723"]
[BlackElo "3009"]
[Result "0-1"]
[Round "8"]
[TimeControl "180+1"]
[Date "2023.08.15"]
[WhiteClock "0:00:00"]
[BlackClock "0:00:27"]
[Board "22"]

1. d4 Nf6 2. c4 e6 3. Nf3 d5 4. cxd5 exd5 5. Nc3 c6 6. g3 Bd6 7. Bg2 h6 8. O-O O-O 9. Bf4 Re8 10. Bxd6 Qxd6 11. Ne5 Nbd7 12. Nxd7 Bxd7 13. e3 h5 14. h4 Ng4 15. Ne2 a5 16. Nf4 g6 17. Rc1 Bf5 18. Bf3 a4 19. Rc5 Nf6 20. Bg2 Ne4 21. Bxe4 Bxe4 22. f3 Bf5 23. Kf2 Qf6 24. Qd2 Re7 25. Re1 Rae8 26. Rc3 Bd7 27. Ra3 b5 28. Rc3 Qg7 29. a3 f6 30. Qc1 g5 31. Nxh5 Qh6 32. g4 gxh4 33. e4 Qg6 34. Qf4 Rf8 35. Rce3 dxe4 36. Rxe4 Rxe4 37. Rxe4 f5 38. Re7 fxg4 39. Qe4 Rxf3+ 40. Ke2 Qxe4+ 41. Rxe4 h3 0-1


[Site "https://www.chess.com"]